Map: Whispers of Gold

Players

Huntedswarm - Winner!

  • Race: Zerg Zerg
  • League: Diamond
  • Spawn Location: 9:00

Dyncommon

  • Race: Protoss Protoss
  • League: Master
  • Spawn Location: 5:00

VOD

Have the link to the VOD?

Description

Time

  • Played on: March 17, 2025, 7:32 p.m.
  • Length: 3:49
Show
View Real Time Build Order
Export as new Build Order

Huntedswarm Zerg - Winner!

Build Orders: 3 Hatch before Pool 

Get SALT Encoding   

  12  0:00  Drone  
  13  0:10  Drone  
  14  0:36  Hatchery  
  14  0:39  Drone  
  14  1:02  Hatchery  
  13  1:05  Drone  
  14  1:23  Spawning Pool  
  14  1:25  Drone  
  14  1:34  Overlord  
  14  1:49  Drone x3  
  17  2:09  Queen  
  17  2:10  Zergling x4  
  17  2:11  Zergling x2  
  17  2:13  Zergling x2  
  23  2:17  Zergling x2  
  23  2:20  Zergling x2  
  25  2:23  Zergling x2  
  26  2:32  Zergling x4  
  28  2:38  Zergling x4  
  27  2:52  Zergling x4  
  27  2:53  Zergling x4  
  30  3:07  Zergling x2  
  30  3:08  Zergling x4  
  30  3:09  Overlord  
  33  3:23  Zergling x2  
  33  3:25  Overlord  
Show
View Real Time Build Order
Export as new Build Order

Dyncommon Protoss 

Build Orders: 1 Gate Expand 

Get SALT Encoding   

  12  0:00  Probe  
  13  0:12  Probe  
  14  0:18  Pylon  
  14  0:24  Probe  
  15  0:32  Probe  
  15  0:40  Probe  
  15  0:41  Gateway  
  16  0:49  Assimilator  
  17  0:51  Probe  
  18  1:03  Probe  
  19  1:15  Probe  
  20  1:28  Nexus  
  20  1:39  Cybernetics Core  
  20  1:42  Probe  
  20  1:46  Assimilator  
  21  1:54  Probe  
  22  1:56  Pylon  
  22  2:06  Probe  
  23  2:12  Stalker  
  23  2:15  Probe  
  26  2:23  Probe  
  27  2:32  Probe, Robotics Facility  
  28  2:44  Probe  
  28  2:47  Probe  
  28  3:00  Pylon  
Tags
 
Add a new tag
Caveats
  • Supply blocks, unpowered buildings, or Contaminate may cause inaccurate times.
  • Supply counts are checked every 10 seconds.